Get step-by-step instructions on how to execute this build order below. Start the game timer, and the build order will tick by so you can play in parallel with StarCraft on a second screen or mobile device.

Game Time

  0:00

Last Step

  N/A

Next Step

Upcoming Step



Don't want to look back and forth between 2 screens? Try out our Overwolf App, the Spawning Tool Build Advisor to get an in-game overlay with this build!

Complete Build Order

  8  0:00  Probe (Chrono Boost)  
  9  0:12  Probe (Chrono Boost)  
  10  0:17  Probe (Chrono Boost)  
  11  0:27  Probe  
  12  0:32  Pylon  
  12  0:39  Probe  
  13  0:51  Probe  
  14  0:57  Gateway  
  14  1:03  Probe (Chrono Boost)  
  15  1:12  Probe (Chrono Boost)  
  15  1:17  Probe (Chrono Boost)  
  17  1:29  Probe  
  18  1:42  Nexus  
  18  1:47  Assimilator  
  18  1:57  Cybernetics Core  
  18  2:01  Probe  
  18  2:07  Assimilator  
  19  2:14  Probe  
  20  2:15  Pylon  
  20  2:26  Probe  
  21  2:34  Adept (Chrono Boost)  
  23  2:38  Probe  
  24  2:50  Probe  
  25  2:54  Probe  
  25  2:57  Adept (Chrono Boost)  
  28  3:02  Probe  
  29  3:06  Probe (Chrono Boost)  
  29  3:09  Stargate  
  30  3:14  Warp Gate  
  30  3:18  Probe (Chrono Boost)  
  30  3:19  Probe (Chrono Boost)  
  32  3:25  Probe (Chrono Boost)  
  34  3:28  Probe (Chrono Boost)  
  34  3:32  Adept  
  34  3:33  Probe  
  35  3:38  Probe  
  36  3:42  Pylon  
  36  3:45  Probe, Gateway  
  37  3:50  Probe, Oracle (Chrono Boost)  
  41  3:57  Probe  
  41  3:59  Stalker  
  44  4:03  Probe  
  44  4:09  Probe  
  46  4:12  Pylon  
  46  4:15  Probe  
  47  4:20  Oracle  
  50  4:30  Probe x2  
  52  4:35  Nexus  
  50  4:40  Assimilator  
  50  4:43  Assimilator  
  50  4:44  Pylon  
  49  4:46  Probe x2 (Chrono Boost)  
  50  4:55  Adept  
  50  4:56  Adept  
  50  4:57  Probe (Chrono Boost)  
  55  5:00  Probe (Chrono Boost)  
  55  5:05  Shield Battery  
  56  5:11  Robotics Facility  
  56  5:14  Forge  
  55  5:15  Sentry  
  55  5:16  Probe x2  
  59  5:23  Sentry  
  62  5:28  Probe (Chrono Boost)  
  62  5:31  Probe (Chrono Boost)  
  63  5:36  Pylon, Sentry  
  63  5:40  Probe (Chrono Boost), Pylon  
  66  5:45  Protoss Ground Weapons Level 1 (Chrono Boost)  
  66  5:47  Sentry  
  66  5:49  Probe (Chrono Boost)  
  71  5:50  Probe (Chrono Boost), Stalker  
  71  5:53  Probe (Chrono Boost)  
  75  5:57  Probe (Chrono Boost)  
  75  5:59  Probe (Chrono Boost)  
  75  6:00  Probe (Chrono Boost)  
  75  6:01  Immortal  
  75  6:02  Probe (Chrono Boost)  
  81  6:08  Pylon  
  81  6:10  Probe (Chrono Boost)  
  82  6:14  Probe (Chrono Boost)  
  82  6:16  Probe (Chrono Boost)  
  82  6:17  Pylon  
  84  6:23  Probe (Chrono Boost)  
  84  6:24  Probe (Chrono Boost)  
  87  6:26  Probe (Chrono Boost)  
  89  6:33  Stalker x2  
  89  6:35  Probe  
  88  6:40  Oracle, Immortal  
  88  6:43  Photon Cannon  
  88  6:44  Photon Cannon  
  88  6:45  Photon Cannon  
  95  6:47  Photon Cannon  
  95  6:50  Shield Battery  
  95  6:51  Shield Battery  
  95  6:54  Shield Battery  
  95  6:56  Sentry  
  95  6:57  Adept  
  95  7:00  Pylon  
  99  7:04  Photon Cannon  
  99  7:09  Photon Cannon  
  99  7:10  Pylon  
  99  7:15  Oracle  
  100  7:31  Probe  
  94  7:37  Immortal (Chrono Boost), Probe  
  94  7:38  Stalker x2  
  97  7:49  Gateway  
  97  7:50  Gateway  
  91  7:52  Gateway x2, Probe  
  91  7:53  Void Ray  
  91  7:54  Probe  
  91  7:56  Stalker x2  
  93  8:00  Probe  
  93  8:03  Protoss Ground Armor Level 1  
  94  8:07  Probe  
  94  8:09  Probe, Immortal  
  99  8:12  Probe  
  99  8:19  Probe  
  95  8:20  Stalker x2  
  95  8:21  Probe  
  95  8:25  Probe  
  93  8:31  Probe  
  81  8:35  Stalker x2  
  81  8:36  Stalker  
  81  8:37  Stalker  
  88  8:41  Pylon  
  88  8:42  Pylon, Stalker  
  89  8:51  Stalker  
  89  8:52  Stalker  
  89  8:53  Pylon  
  87  8:56  Stalker  
  89  9:03  Stalker  
  89  9:05  Stalker  
  89  9:09  Stalker  
  93  9:13  Stalker  
  97  9:20  Adept  
  97  9:23  Stalker  
  85  9:29  Sentry, Zealot  
  85  9:31  Zealot  
  93  9:35  Zealot  
  95  9:41  Sentry  
  95  9:42  Zealot  
  95  9:43  Zealot  
  101  9:46  Zealot  
  103  9:58  Sentry x2  
  107  10:01  Warp Prism (Chrono Boost)  
  107  10:03  Zealot x2  
  108  10:15  Zealot x3  
  106  10:49  Sentry x4  
  114  10:52  Pylon  
  114  10:53  Pylon  
  106  11:08  Zealot x2  
  84  11:12  Zealot x4